 Dungeon Crawl Stone Soup version 0.31-a0-1071-gaead2f62b1 (webtiles) character file.

Game seed: 1850498400284400279

434 MachoJfn the Chopper (level 6, -1/47 HPs)
             Began as a Demonspawn Gladiator on Nov 2, 2023.
             Was a Believer of Qazlal.
             Slain by Duvessa
             ... wielding a +0 short sword
              (4 damage)
             ... on level 4 of the Dungeon on Nov 26, 2023.
             The game lasted 00:11:04 (3465 turns).

MachoJfn the Chopper (Demonspawn Gladiator)         Turns: 3465, Time: 00:11:04

Health: -1/47      AC: 16    Str: 16    XL:     6   Next: 68%
Magic:  3/6        EV:  8    Int: 10    God:    Qazlal [**....]
Gold:   205        SH:  3    Dex: 14    Spells: 5/5 levels left

rFire   . . .        a - +0 war axe
rCold   . . .        (no shield)
rNeg    . . .        m - +0 chain mail
rPois   .            (helmet restricted)
rElec   +            b - +0 cloak
rCorr   .            l - +2 pair of gloves "Maifrih" {rElec Stlth+}
SInv    .            t - +0 pair of boots
Will    .....        (no amulet) Stlth
                     (no ring)
HPRegen 0.27/turn    (no ring)
MPRegen 0.10/turn

%: no passive effects
@: brilliant
A: antennae 1, molten scales 1, powered by death 1
a: Renounce Religion, Upheaval


You were on level 4 of the Dungeon.
You worshipped Qazlal.
Qazlal was pleased with you.
You visited 1 branch of the dungeon, and saw 4 of its levels.

You collected 205 gold pieces.

Inventory:

Hand Weapons
 a - a +0 war axe (weapon)
Missiles
 d - 2 throwing nets (quivered)
 e - a javelin
 h - 36 stones
Armour
 b - a +0 cloak (worn)
 l - the +2 pair of gloves "Maifrih" (worn) {rElec Stlth+}
   (You found it on level 2 of the Dungeon)

   rElec:     It insulates you from electricity.
   Stlth+:    It makes you more stealthy.
 m - a +0 chain mail (worn)
 t - a +0 pair of boots (worn)
Scrolls
 c - 2 scrolls of enchant weapon {unknown}
 f - a scroll of brand weapon {unknown}
 g - 2 scrolls of poison
 i - a scroll of immolation
 j - a scroll of acquirement {unknown}
 k - a scroll of enchant armour {unknown}
 q - a scroll of revelation {unknown}
 u - 2 scrolls of vulnerability {unknown}
 v - a scroll of fear {unknown}
 y - a scroll of identify {unknown}
Potions
 n - a potion of invisibility {unknown}
 o - a potion of brilliance
 p - a potion of enlightenment {unknown}
 r - a potion of berserk rage {unknown}
 s - a potion of mutation {unknown}
 w - 2 potions of heal wounds {unknown}
 x - 2 potions of resistance {unknown}


   Skills:
 + Level 3.2 Fighting
 + Level 5.1 Axes
 - Level 1.7 Throwing
 + Level 2.3 Armour
 + Level 3.9 Dodging
 - Level 0.1 Shields
 + Level 0.5 Invocations


You had 5 spell levels left.
You didn't know any spells.
Your spell library was empty.

Dungeon Overview and Level Annotations

Branches:
Dungeon (4/15)
 Temple: D:4-7

Altars:
Nemelex Xobeh
Qazlal

Annotations:
D:4 Duvessa


Innate Abilities, Weirdness & Mutations

You have a pair of small antennae on your head.
You are partially covered in molten scales. (AC +2)
You regenerate a little health from kills.


Message History

Duvessa is moderately wounded.
You slash the jackal!
You kill the jackal!
Qazlal accepts your kill.
You closely miss the hobgoblin. Duvessa hits you with a +0 short sword.
The hobgoblin hits you but does no damage.
Duvessa hits you but does no damage.
Activating: Elemental Force (61% risk of failure)
Press: ? - help, Dir - look around, f - activate Look: a hobgoblin (severely wounded)
Okay, then.
Aiming: Upheaval
Press: ? - help, Dir - move target, p - Duvessa The ground shakes violently, spewing rubble!
You can no longer give life to nearby clouds.
Duvessa hits you with a +0 short sword!
* * * LOW HITPOINT WARNING * * *
The orc hits you but does no damage.
The hobgoblin hits you but does no damage.
Duvessa hits you but does no damage.
It was a potion of brilliance.
You feel clever all of a sudden. The orc barely misses you.
You block the hobgoblin's attack. Duvessa hits you with a +0 short sword.
* * * LOW HITPOINT WARNING * * *
You barely miss the hobgoblin.
The hobgoblin is severely wounded.
You hit Duvessa. You barely miss the orc. Duvessa closely misses you.
You block the orc's attack.
The hobgoblin hits you but does no damage.
Duvessa is engulfed in a thunderstorm.
Duvessa hits you with a +0 short sword.
* * * LOW HITPOINT WARNING * * *
The orc hits you with a +0 hand axe.
* * * LOW HITPOINT WARNING * * *
The hobgoblin barely misses you.
You hit Duvessa.
Duvessa is almost dead.
You closely miss the hobgoblin. You hit the orc.
Duvessa hits you with a +0 short sword.
You die...

....##### ....#
# ....# #. #
...## f# 'ho#
##.# ########
#.# #......#
#.# #.#..#.#
#.# #...°..#
#.##### #
#.o@g..#
#.....#
....'.#†e#)###
########
#####..†...).#
.......#
########)###.#
.....##.#
#####.#.......#
####.#
..............#
## #)#
.######.#######
)# #.# #.# .#
#.# # #.#


You could see Duvessa (berserk, fast), a sleepcap, 2 orcs and a hobgoblin.

Vanquished Creatures
  Grinder (D:3)
  Dowan (D:4)
  A hound (D:4)
  Jessica (D:3)
  A mummy (D:4)
  Robin (D:2)
  2 adders
  A worm (D:3)
  7 dart slugs
  An orc (D:4)
  10 endoplasms
  2 giant cockroaches (D:1)
  17 goblins
  6 hobgoblins
  7 jackals
  7 quokkas
  4 ball pythons
  5 bats
  5 frilled lizards
  A hobgoblin zombie (D:4)
  7 kobolds
  A kobold zombie (D:4)
  2 orc zombies (D:4)
  4 rats
95 creatures vanquished.

Notes
Turn   | Place    | Note
-------+----------+-------------------------------------------
     0 | D:1      | MachoJfn the Demonspawn Gladiator began the quest for the
                  | Orb.
     0 | D:1      | Reached XP level 1. HP: 16/16 MP: 1/1
   152 | D:1      | Reached skill level 3 in Axes
   152 | D:1      | Gained mutation: You have a pair of small antennae on your
                  | head. [demonic ancestry]
   152 | D:1      | Reached XP level 2. HP: 22/22 MP: 2/2
   316 | D:1      | Found a faded altar of an unknown god.
   360 | D:1      | Prayed at the altar of an unknown god.
   360 | D:1      | Became a worshipper of Qazlal Stormbringer
   360 | D:1      | Reached * piety under Qazlal
   372 | D:1      | Upgraded the game from 0.31-a0-983-g7b6862f502 to
                  | 0.31-a0-986-g5e6e4ef867
   625 | D:1      | Reached XP level 3. HP: 25/27 MP: 3/3
   897 | D:2      | Noticed Robin
  1108 | D:2      | Killed Robin
  1109 | D:2      | Reached skill level 1 in Armour
  1173 | D:2      | Reached ** piety under Qazlal
  1183 | D:2      | Gained mutation: You regenerate a little health from kills.
                  | [demonic ancestry]
  1183 | D:2      | Reached XP level 4. HP: 23/34 MP: 4/4
  1894 | D:2      | Found a sparkling altar of Nemelex Xobeh.
  1989 | D:2      | Identified the +2 pair of gloves "Maifrih" {rElec Stlth+}
  2499 | D:2      | Upgraded the game from 0.31-a0-986-g5e6e4ef867 to
                  | 0.31-a0-1071-gaead2f62b1
  2642 | D:3      | Noticed Grinder
  2650 | D:3      | Killed Grinder
  2651 | D:3      | Reached skill level 4 in Axes
  2651 | D:3      | Reached XP level 5. HP: 41/41 MP: 1/5
  2651 | D:3      | Gained mutation: You are partially covered in molten
                  | scales. (AC +2) [demonic ancestry]
  2651 | D:3      | Reached XP level 6. HP: 47/47 MP: 1/6
  2740 | D:3      | Noticed Jessica
  2744 | D:3      | Killed Jessica
  3440 | D:4      | Noticed Duvessa
  3446 | D:4      | Noticed Dowan
  3456 | D:4      | Killed Dowan
  3456 | D:4      | Reached *** piety under Qazlal
  3457 | D:4      | Reached skill level 5 in Axes
  3464 | D:4      | HP: 2/47 [orc/+0 hand axe (3)]
  3465 | D:4      | Slain by Duvessa

Illustrated notes

Levels and vault maps discovered:
D:1:      heliophobic_arrival_glass_houses, layout_loops_ring,
          hellmonk_ecumenical_altar_blasted
D:2:      layout_basic, basic_altar, uniq_robin
D:3:      layout_basic, uniq_grinder, uniq_jessica
D:4:      minmay_clustersquares, layout_loops_ring, zin_statuary,
          minmay_mini_ossuary, uniq_duvessa

Skill      XL: |  1  2  3  4  5  6 |
---------------+-------------------+-----
Axes           | 3 4 5 |  5.1
Dodging        | 3 |  3.9
Armour         | 1 2 |  2.3
Fighting       | 3 |  3.2
Throwing       | |  1.7
Shields        | |  0.1
Invocations    | |  0.5

Action                     |  1- 3 |  4- 6 || total
---------------------------+-------+-------++-------
  Melee: War axe           |   105 |   151 ||   256
         Punch             |       |     2 ||     2
  Throw: Throwing net      |       |     1 ||     1
 Invoke: Upheaval          |       |     2 ||     2
    Use: Scroll            |     1 |       ||     1
         Potion            |       |     1 ||     1
 Armour: Leather armour    |    94 |    29 ||   123
         Chain mail        |       |    93 ||    93
  Dodge: Dodged            |   124 |    82 ||   206
  Block: Other             |    10 |    26 ||    36

Table legend: (Time is in decaauts)
 A = Elapsed time spent in this place.
 B = Non-inter-level travel time spent in this place.
 C = Inter-level travel time spent in this place.
 D = Time resting spent in this place.
 E = Time spent auto-exploring this place.
 F = Levels seen in this place.
 G = Mean time per level.
                   A        B        C        D        E       F      G
               +--------+--------+--------+--------+--------+-----+--------+
         Total |   3544 |   3342 |    202 |    821 |   1257 |   4 |  886.0 |
       Dungeon |   3544 |   3342 |    202 |    821 |   1257 |   4 |  886.0 |
               +--------+--------+--------+--------+--------+-----+--------+

Top non-repeatable levels by time:
     D:2: 1462 daAuts
     D:1: 1104 daAuts
     D:3: 642 daAuts
     D:4: 335 daAuts
